 Dungeon Crawl Stone Soup version 0.18.1-50-g88ac8fd (webtiles) character file.

485 ololoev the Chopper (level 6, -2/73 HPs)
             Began as a Demonspawn Berserker on Oct 28, 2016.
             Was a Believer of Trog.
             Slain by a gnoll
             ... wielding a +0 spear
              (3 damage)
             ... on level 4 of the Dungeon.
             The game lasted 00:05:18 (607 turns).

ololoev the Chopper (Demonspawn Berserker)           Turns: 607, Time: 00:05:20

Health: -2/73      AC: 19    Str: 24    XL:     6   Next: 88%
Magic:  6/6        EV:  7    Int:  9    God:    Trog [**....]
Gold:   28         SH:  0    Dex: 14    Spells: 0 memorised, 5 levels left

rFire  . . .     SeeInvis .     a - +0 hand axe
rCold  + . .     Gourm    .     q - +0 plate armour
rNeg   . . .     Faith    .     (no shield)
rPois  .         Spirit   .     (no helmet)
rElec  .         Dismiss  .     l - +0 cloak
rCorr  .         Reflect  .     (no gloves)
SustAt .         Harm     .     (no boots)
MR     .....                    (no amulet)
Stlth  ..........               (no ring)
                                j - +4 ring of dexterity

@: berserking, very quick, not resistant to hostile enchantments, extremely
unstealthy
A: talons 2, rough black scales 2, cold resistance 1
a: Berserk, Trog's Hand, Burn Spellbooks, Renounce Religion


Innate Abilities, Weirdness & Mutations

You have razor-sharp toenails.
You are mostly covered in rough black scales (AC +7, Dex -2).
Your flesh is cold resistant.

Inventory:

Hand Weapons
 a - a +0 hand axe (weapon)
 b - a +0 blowgun
Missiles
 h - 13 poisoned needles
Armour
 l - a +0 cloak (worn)
 q - a +0 plate armour (worn)
Jewellery
 j - a +4 ring of dexterity (left hand)
 m - a +3 ring of evasion {unknown}
Wands
 e - a wand of flame (16/48)
Scrolls
 g - a scroll of fear {unknown}
 i - a scroll of magic mapping {unknown}
 k - a scroll of noise {unknown}
 n - a scroll of blinking {unknown}
 o - a scroll of enchant armour {unknown}
Potions
 d - a potion of brilliance {unknown}
 p - a potion of berserk rage {unknown}
Comestibles
 c - a bread ration
 f - 2 chunks of flesh


   Skills:
 + Level 4.6 Fighting
 * Level 5.4 Axes
 + Level 3.6 Armour
 - Level 1.7 Dodging


You had 5 spell levels left.
You didn't know any spells.


You were on level 4 of the Dungeon.
You worshipped Trog.
Trog was pleased with you.
You were not hungry.

You visited 1 branch of the dungeon, and saw 4 of its levels.

You collected 28 gold pieces.

≈≈≈≈≈≈..)))≈≈
≈≈≈≈≈≈....≈≈≈
≈≈≈≈≈.....≈≈≈ #########
#######)(#### ........#
#.)()#.. ........+
#....#..
.......#########..).###
#..........#......#)
#.†@.......'......'.
#..))......#......#.
.....g#########....###
........' #....#
........# #....#
######### ######

Notes
Turn   | Place    | Note
--------------------------------------------------------------
     0 | D:1      | ololoev the Demonspawn Berserker began the quest for the Orb.
     0 | D:1      | Reached XP level 1. HP: 18/18 MP: 1/1
     0 | D:1      | ololoev: что за раса и бог?
    89 | D:3      | Reached skill level 3 in Axes
   117 | D:3      | Gained mutation: You have sharp toenails. [demonic ancestry]
   117 | D:3      | Reached XP level 2. HP: 24/24 MP: 2/2
   159 | D:3      | Gained mutation: You are partially covered in rough black scales (AC +4, Dex -1). [demonic ancestry]
   159 | D:3      | Reached XP level 3. HP: 15/29 MP: 3/3
   159 | D:3      | HP: 2/43 [orc priest/divine providence (13)]
   160 | D:3      | Gained mutation: You are mostly covered in rough black scales (AC +7, Dex -2). [demonic ancestry]
   160 | D:3      | Reached XP level 4. HP: 2/35 MP: 4/4
   167 | D:3      | Goblin1989: ну
   169 | D:3      | HP: 1/35 [adder (2)]
   171 | D:3      | Reached skill level 4 in Axes
   174 | D:3      | Goblin1989: в 0.20
   253 | D:3      | HP: 1/35 [orc wizard/magic dart (7)]
   258 | D:3      | Reached ** piety under Trog
   258 | D:3      | Gained mutation: You have razor-sharp toenails. [demonic ancestry]
   258 | D:3      | Reached XP level 5. HP: 2/42 MP: 5/5
   294 | D:4      | Noticed an orc warrior
   424 | D:4      | Found a staircase to the Ecumenical Temple.
   535 | D:4      | Gained mutation: Your flesh is cold resistant. [demonic ancestry]
   535 | D:4      | Reached XP level 6. HP: 48/48 MP: 6/6
   588 | D:4      | Goblin1989: тебе другой спринт попробовать надо. реалтайм
   592 | D:4      | ololoev: зач?
   600 | D:4      | Reached skill level 5 in Axes
   605 | D:4      | Killed an orc warrior
   605 | D:4      | HP: 1/73 [iguana (5)]
   606 | D:4      | Goblin1989: полчаса и победа
   607 | D:4      | ololoev: по-моему это тупо
   607 | D:4      | Slain by a gnoll

Dungeon Overview and Level Annotations

Branches:
Dungeon (4/15)             Temple (0/1) D:4

Altars:

Annotations:
D:4 exclusion: oklob sapling


Message History

A red film seems to cover your vision as you go berserk!
You feel yourself moving faster!
You feel mighty!
You feel somewhat more hungry. The ogre barely misses you.
The orc warrior hits you but does no damage.
The gnoll hits you but does no damage.
You barely miss the orc warrior. You claw the orc warrior.
The orc warrior is lightly wounded.
You hit the ogre.
The ogre is lightly wounded.
The iguana hisses menacingly.
Unknown command.
You closely miss the orc warrior. Your kick misses the orc warrior.
The orc warrior is lightly wounded.
You hit the ogre.
The ogre is moderately wounded.
The orc warrior hits you with a trident.
The gnoll hits you but does no damage.
The ogre hits you with a giant spiked club.
You slash the orc warrior! You claw the orc warrior!
The orc warrior is heavily wounded.
You slash the ogre!
The ogre is heavily wounded.
Unknown command.
Your plate armour prevents you from hitting the orc warrior.
You claw the orc warrior, but do no damage.
The orc warrior is heavily wounded.
You hit the ogre.
The ogre is almost dead.
The gnoll barely misses you. The orc warrior barely misses you.
The ogre hits you with a giant spiked club!
You barely miss the orc warrior. You claw the orc warrior.
The orc warrior is severely wounded.
You hit the ogre.
You kill the ogre!
Trog accepts your kill.
Your Axes skill increases to level 5!
The gnoll closely misses you.
The orc warrior hits you but does no damage.
You hit the orc warrior.
You claw the orc warrior, but do no damage.
The orc warrior is severely wounded.
Your plate armour prevents you from hitting the iguana.
The gnoll hits you but does no damage. The iguana bites you!
Unknown command.
You closely miss the orc warrior.
The orc warrior is severely wounded.
Your plate armour prevents you from hitting the iguana.
The orc warrior hits you with a trident!
A goblin comes into view. It is wielding a club.
Unknown command.
You closely miss the orc warrior. Your kick misses the orc warrior.
The orc warrior is severely wounded.
You hit the iguana.
The iguana is lightly wounded.
The gnoll hits you but does no damage. The iguana bites you.
The orc warrior hits you with a trident.
Unknown command.
You hit the orc warrior but do no damage.
The orc warrior is severely wounded.
You slash the iguana!
The iguana is severely wounded.
The iguana bites you but does no damage.
The gnoll barely misses you.
Unknown command.
You slash the orc warrior!
You kill the orc warrior!
Trog accepts your kill.
Your plate armour prevents you from hitting the iguana.
The iguana is severely wounded.
The iguana bites you. The gnoll hits you but does no damage.
Unknown command.
You slash the iguana!
You kill the iguana!
Trog accepts your kill.
Unknown command.
You slash the goblin!
You kill the goblin!
Trog accepts your kill.
The gnoll hits you from afar with a spear.
You die...

You could see a gnoll.

Vanquished Creatures
  An orc warrior (D:4)
  An ogre (D:4)
  2 orc priests (D:3)
  An iguana (D:4)
  2 orc wizards (D:3)
  2 worker ants (D:4)
  4 gnolls (D:4)
  An adder (D:3)
  A giant gecko (D:2)
  5 orcs (D:3)
  A ball python (D:3)
  15 hobgoblins
  3 jackals (D:3)
  2 giant newts
  20 goblins (D:4)
  3 kobolds (D:3)
64 creatures vanquished.

Vanquished Creatures (others)
  A hobgoblin (D:4)
  5 plants (D:4)
6 creatures vanquished.

Grand Total: 70 creatures vanquished

Action                   |  1- 3 |  4- 6 || total
-------------------------+-------+-------++-------
Melee: Hand axe          |    37 |    90 ||   127
       Kick              |       |    26 ||    26
 Fire: Blowgun           |     3 |     2 ||     5
Invok: Berserk           |     1 |     4 ||     5
       Trog's Hand       |       |     3 ||     3
  Use: Potion            |       |     2 ||     2
  Eat: Chunk             |       |     4 ||     4
Armor: Ring mail         |    11 |     8 ||    19
       Animal skin       |     2 |       ||     2
       Plate armour      |       |   119 ||   119
Dodge: Dodged            |    20 |    50 ||    70

Vault maps used:
D:1:      dpeg_arrival_sounds_slurp, grunt_decor_fettered, fountainhead,
          minmay_lizard_king
D:2:      minmay_misc_feat_tower
D:3:      grunt_qazlal_clouds
D:4:      minmay_goblin_kobold_castle, minmay_temple_entry_oklob, first_bread,
          serial_shops, shop, uniq_natasha, uniq_duvessa
